SAA
YAKIMA HOPS @ LANCASTER FARMERS
05/19/2024
 
TOP OF THE 1ST
Yakima Hops batting - Pitching for Lancaster Farmers : RHP Steve Brown
Pitching: RHP Steve Brown
Batting: RHB Mariano Sánchez 0-0: Ball
1-0: Called Strike
1-1: Called Strike
1-2: Strikes out looking
Batting: RHB Júlio Molina 0-0: Ball
1-0: Fly out, F8 (Flyball, 8RS)
Batting: RHB Abraham Jacobs 0-0: SINGLE (Groundball, 56S) (infield hit)
Batting: SHB Albert Sánchez 0-0: Foul Ball, location: 2F
0-1: Ball
1-1: Called Strike
1-2: Strikes out looking
Top of the 1st over - 0 run(s), 1 hit(s), 0 error(s), 1 left on base; Yakima 0 - Lancaster 0
BOTTOM OF THE 1ST
Lancaster Farmers batting - Pitching for Yakima Hops : RHP Joe Dwyer
Pitching: RHP Joe Dwyer
Batting: RHB Ricardo Pacheco 0-0: Bunt for hit - play at first, batter OUT! 1-3
Batting: RHB Domenic Gallard 0-0: Ball
1-0: Ball
2-0: Ball
3-0: Called Strike
3-1: Fly out, F3 (Popup, 3F)
Batting: RHB Eric Howard 0-0: Ground out 4-3 (Groundball, 4)
Bottom of the 1st over - 0 run(s), 0 hit(s), 0 error(s), 0 left on base; Yakima 0 - Lancaster 0
TOP OF THE 2ND
Yakima Hops batting - Pitching for Lancaster Farmers : RHP Steve Brown
Batting: RHB Edgar García 0-0: Ball
1-0: Ball
2-0: Foul Ball, location: 2F
2-1: Fly out, F8 (Flyball, 8RM)
Batting: SHB Esteban Lugo 0-0: Foul Ball, location: 2F
0-1: Ball
1-1: Foul Ball, location: 2F
1-2: Ball
2-2: Foul Ball, location: 2F
2-2: Strikes out swinging
Batting: RHB Ricardo Téllez 0-0: Called Strike
0-1: Ball
1-1: SINGLE (Line Drive, 78S)
Batting: RHB Jock Semple 0-0: Called Strike
0-1: Ball
1-1: Ball
2-1: Ground out 1-3 (Groundball, 23)
Top of the 2nd over - 0 run(s), 1 hit(s), 0 error(s), 1 left on base; Yakima 0 - Lancaster 0
BOTTOM OF THE 2ND
Lancaster Farmers batting - Pitching for Yakima Hops : RHP Joe Dwyer
Batting: LHB Rob Wilson 0-0: Called Strike
0-1: Ball
1-1: Called Strike
1-2: SINGLE (Groundball, 34D)
Batting: RHB Rodrigo Velasco 0-0: Swinging Strike
0-1: Called Strike
0-2: Ball
1-2: SINGLE (Groundball, 56)
Rob Wilson to second
Batting: LHB Ramón Gómez 0-0: SINGLE (Line Drive, 78S)
Rob Wilson to third
Rodrigo Velasco to second
Batting: RHB Barkley B. Cooltimes 0-0: Swinging Strike
0-1: Foul Ball, location: 2F
0-2: Ball
1-2: Fly out, F9 (Flyball, 9LMF)
Runner from 3rd tags up, SCORES, throw made
Batting: RHB António Jiménez 0-0: Ball
1-0: Called Strike
Balk!
Rodrigo Velasco to third
Ramón Gómez to second
1-1: Foul Ball, location: 2F
1-2: Ball
2-2: Ground out 5-3 (Groundball, 56S)
Rodrigo Velasco scores
Ramón Gómez to third
Batting: LHB Brad Tillman 0-0: Ball
1-0: Fly out, F6 (Popup, 56)
Bottom of the 2nd over - 2 run(s), 3 hit(s), 0 error(s), 1 left on base; Yakima 0 - Lancaster 2
TOP OF THE 3RD
Yakima Hops batting - Pitching for Lancaster Farmers : RHP Steve Brown
Batting: RHB Manuel Martínez 0-0: Ball
1-0: Ball
2-0: Ball
3-0: Base on Balls
Batting: RHB Mariano Sánchez 0-0: Ball
1-0: Ball
2-0: Grounds into double play, 5-4-3 (Groundball, 56)
Batting: RHB Júlio Molina 0-0: Called Strike
0-1: Ball
1-1: Foul Ball, location: 2F
1-2: Foul Ball, location: 2F
1-2: Fly out, F9 (Line Drive, 9S)
Top of the 3rd over - 0 run(s), 0 hit(s), 0 error(s), 0 left on base; Yakima 0 - Lancaster 2
BOTTOM OF THE 3RD
Lancaster Farmers batting - Pitching for Yakima Hops : RHP Joe Dwyer
Batting: RHB Ricardo Pacheco 0-0: Ball
1-0: SINGLE (Line Drive, 89S)
Batting: RHB Domenic Gallard 0-0: Called Strike
Ricardo Pacheco steals 2nd base
0-1: Fly out, F9 (Flyball, 9M)
Batting: RHB Eric Howard 0-0: Foul Ball, location: 2F
0-1: Ground out 6-3 (Groundball, 56)
Batting: LHB Rob Wilson 0-0: Ground out 1-3 (Groundball, 13)
Bottom of the 3rd over - 0 run(s), 1 hit(s), 0 error(s), 1 left on base; Yakima 0 - Lancaster 2
TOP OF THE 4TH
Yakima Hops batting - Pitching for Lancaster Farmers : RHP Steve Brown
Batting: RHB Abraham Jacobs 0-0: Fly out, F8 (Flyball, 8RM)
Batting: SHB Albert Sánchez 0-0: Swinging Strike
0-1: Foul Ball, location: 2F
0-2: Ground out 4-3 (Groundball, 4)
Batting: RHB Edgar García 0-0: Ball
1-0: Ball
2-0: Called Strike
2-1: Ground out 6-3 (Groundball, 6)
Top of the 4th over - 0 run(s), 0 hit(s), 0 error(s), 0 left on base; Yakima 0 - Lancaster 2
BOTTOM OF THE 4TH
Lancaster Farmers batting - Pitching for Yakima Hops : RHP Joe Dwyer
Batting: RHB Rodrigo Velasco 0-0: Ball
1-0: Foul Ball, location: 2F
1-1: DOUBLE (Line Drive, 6M)
Batting: LHB Ramón Gómez 0-0: Ball
1-0: Ball
2-0: Called Strike
2-1: Called Strike
2-2: Ball
3-2: Base on Balls
Batting: RHB Barkley B. Cooltimes 0-0: Ball
1-0: Called Strike
1-1: Fly out, F7 (Line Drive, 7M)
Batting: RHB António Jiménez 0-0: Ball
1-0: Swinging Strike
1-1: DOUBLE (Line Drive, 78S)
Rodrigo Velasco scores
Ramón Gómez to third
Runner from 3rd tries for Home, SAFE, no throw or cutoff
Batting: LHB Brad Tillman 0-0: Called Strike
0-1: Ball
1-1: Called Strike
1-2: Foul Ball, location: 2F
1-2: SINGLE (Line Drive, 9S)
António Jiménez to third
Runner from 3rd tries for Home, SAFE, no throw or cutoff
Batting: RHB Ricardo Pacheco 0-0: SINGLE (Groundball, 6D)
Brad Tillman to second
Batting: RHB Domenic Gallard 0-0: Swinging Strike
0-1: Ball
1-1: Ball
2-1: SINGLE (Groundball, 4)
Brad Tillman to third
Ricardo Pacheco to second
Runner from 3rd tries for Home, throw and OUT!
Ricardo Pacheco to third
Domenic Gallard to second
Batting: RHB Eric Howard 0-0: Ball
1-0: Ball
2-0: Ground out 4-3 (Groundball, 4M)
Bottom of the 4th over - 3 run(s), 5 hit(s), 0 error(s), 2 left on base; Yakima 0 - Lancaster 5
TOP OF THE 5TH
Yakima Hops batting - Pitching for Lancaster Farmers : RHP Steve Brown
Batting: SHB Esteban Lugo 0-0: Ball
1-0: Called Strike
1-1: Foul Ball, location: 2F
1-2: Foul Ball, location: 2F
1-2: DOUBLE (Flyball, 78XD)
Batting: RHB Ricardo Téllez 0-0: Ball
1-0: 2-RUN HOME RUN (Flyball, 78XD), Distance : 423 ft
Batting: RHB Jock Semple 0-0: Ground out 6-3 (Groundball, 6M)
Batting: RHB Manuel Martínez 0-0: Called Strike
0-1: Foul Ball, location: 2F
0-2: Strikes out swinging
Batting: RHB Mariano Sánchez 0-0: DOUBLE (Line Drive, 5D)
Batting: RHB Júlio Molina 0-0: Foul Ball, location: 2F
0-1: Ball
1-1: Ball
2-1: Called Strike
2-2: Strikes out swinging
Top of the 5th over - 2 run(s), 3 hit(s), 0 error(s), 1 left on base; Yakima 2 - Lancaster 5
BOTTOM OF THE 5TH
Lancaster Farmers batting - Pitching for Yakima Hops : RHP Joe Dwyer
Batting: LHB Rob Wilson 0-0: Called Strike
0-1: Fly out, F7 (Flyball, 7LMF)
Batting: RHB Rodrigo Velasco 0-0: Ball
1-0: Called Strike
1-1: Foul Ball, location: 2F
1-2: Fly out, F3 (Popup, 3SF)
Batting: LHB Ramón Gómez 0-0: Foul Ball, location: 2F
0-1: Ball
1-1: Ground out 1-3 (Groundball, 15)
Bottom of the 5th over - 0 run(s), 0 hit(s), 0 error(s), 0 left on base; Yakima 2 - Lancaster 5
TOP OF THE 6TH
Yakima Hops batting - Pitching for Lancaster Farmers : RHP Steve Brown
Batting: RHB Abraham Jacobs 0-0: SINGLE (Groundball, 6)
Batting: SHB Albert Sánchez 0-0: TRIPLE (Flyball, 8RXD)
Abraham Jacobs scores
Batting: RHB Edgar García 0-0: Ball
1-0: Called Strike
1-1: Fly out, F9 (Flyball, 9LS)
Batting: SHB Esteban Lugo 0-0: Called Strike
0-1: Called Strike
0-2: Strikes out swinging
Batting: RHB Ricardo Téllez 0-0: Ground out 2-3 (Groundball, 2R)
Top of the 6th over - 1 run(s), 2 hit(s), 0 error(s), 1 left on base; Yakima 3 - Lancaster 5
BOTTOM OF THE 6TH
Lancaster Farmers batting - Pitching for Yakima Hops : RHP Joe Dwyer
Batting: RHB Barkley B. Cooltimes 0-0: Called Strike
0-1: Foul Ball, location: 2F
0-2: Fly out, F7 (Line Drive, 7M)
Batting: RHB António Jiménez 0-0: Foul Ball, location: 2F
0-1: Foul Ball, location: 2F
0-2: Fly out, F8 (Popup, 4MD)
Batting: LHB Brad Tillman 0-0: Reached on error, E4 (Groundball, 34)
Batting: RHB Ricardo Pacheco 0-0: Ground out 6-3 (Groundball, 6)
Bottom of the 6th over - 0 run(s), 0 hit(s), 1 error(s), 1 left on base; Yakima 3 - Lancaster 5
TOP OF THE 7TH
Yakima Hops batting - Pitching for Lancaster Farmers : RHP Steve Brown
Batting: RHB Jock Semple 0-0: Ground out 6-3 (Groundball, 56)
Batting: RHB Manuel Martínez 0-0: Foul Ball, location: 2F
0-1: Ball
1-1: Fly out, F9 (Flyball, 9M)
Batting: RHB Mariano Sánchez 0-0: Foul Ball, location: 2F
0-1: Called Strike
0-2: Strikes out swinging
Top of the 7th over - 0 run(s), 0 hit(s), 0 error(s), 0 left on base; Yakima 3 - Lancaster 5
BOTTOM OF THE 7TH
Lancaster Farmers batting - Pitching for Yakima Hops : RHP Joe Dwyer
Batting: RHB Domenic Gallard 0-0: Ball
1-0: Called Strike
1-1: Foul Ball, location: 2F
1-2: Foul Ball, location: 2F
1-2: Ground out 3-1 (Groundball, 3)
Batting: RHB Eric Howard 0-0: Ball
1-0: Called Strike
1-1: Called Strike
1-2: Fly out, F7 (Flyball, 7LM)
Batting: LHB Rob Wilson 0-0: Foul Ball, location: 2F
0-1: Ball
1-1: Swinging Strike
1-2: Ball
2-2: Foul Ball, location: 2F
2-2: Ball
3-2: SINGLE (Line Drive, 9LS)
Pitching: RHP Sean Sanford
Batting: RHB Rodrigo Velasco 0-0: Ball
1-0: Fielders Choice at 2nd, 6-4 (Groundball, 6)
Bottom of the 7th over - 0 run(s), 1 hit(s), 0 error(s), 0 left on base; Yakima 3 - Lancaster 5
TOP OF THE 8TH
Yakima Hops batting - Pitching for Lancaster Farmers : RHP Steve Brown
Batting: RHB Júlio Molina 0-0: Ball
1-0: Swinging Strike
1-1: Ball
2-1: Called Strike
2-2: Foul Ball, location: 2F
2-2: Ball
3-2: Foul Ball, location: 2F
3-2: Base on Balls
Batting: RHB Abraham Jacobs 0-0: Foul Ball, location: 2F
0-1: Ball
1-1: Ball
2-1: Called Strike
2-2: Foul Ball, location: 2F
2-2: Ball
3-2: Base on Balls
Júlio Molina to second
Batting: SHB Albert Sánchez 0-0: Foul Ball, location: 2F
0-1: Called Strike
0-2: Ball
1-2: Strikes out looking
Pinch Hitting: LHB Miguel Juárez 0-0: Ball
1-0: Called Strike
1-1: Called Strike
1-2: Strikes out swinging
Pinch Hitting: LHB Chad Graves 0-0: Foul Ball, location: 2F
0-1: Called Strike
0-2: Ball
1-2: SINGLE (Line Drive, 34)
Júlio Molina to third
Abraham Jacobs to second
Runner from 3rd tries for Home, SAFE, no throw or cutoff
Batting: RHB Ricardo Téllez 0-0: Ground out 1-3 (Groundball, 13S)
Top of the 8th over - 1 run(s), 1 hit(s), 0 error(s), 2 left on base; Yakima 4 - Lancaster 5
BOTTOM OF THE 8TH
Lancaster Farmers batting - Pitching for Yakima Hops : RHP Sean Sanford
Now at 3B: Chad Graves
Now at SS: Gabriel Juárez
Batting: LHB Ramón Gómez 0-0: Ball
1-0: Swinging Strike
1-1: Swinging Strike
1-2: Strikes out swinging
Batting: RHB Barkley B. Cooltimes 0-0: Ball
1-0: DOUBLE (Line Drive, 8RM)
Batting: RHB António Jiménez 0-0: Ball
1-0: Ball
2-0: Foul Ball, location: 2F
2-1: Foul Ball, location: 2F
2-2: Ball
3-2: DOUBLE (Line Drive, 9D)
Barkley B. Cooltimes scores
Batting: LHB Brad Tillman 0-0: Fly out, F7 (Flyball, 8LM)
Batting: RHB Ricardo Pacheco 0-0: Foul Ball, location: 2F
0-1: Ball
1-1: Swinging Strike
1-2: Ball
2-2: Foul Ball, location: 2F
2-2: Ball
3-2: Base on Balls
Batting: RHB Domenic Gallard 0-0: Fly out, F8 (Flyball, 8LS)
Bottom of the 8th over - 1 run(s), 2 hit(s), 0 error(s), 2 left on base; Yakima 4 - Lancaster 6
TOP OF THE 9TH
Yakima Hops batting - Pitching for Lancaster Farmers : RHP Steve Brown
Pitching: LHP Will Clark
Batting: RHB Jock Semple 0-0: Ball
1-0: Ball
2-0: Foul Ball, location: 2F
2-1: SINGLE (Line Drive, 4M)
Batting: RHB Manuel Martínez 0-0: Ball
1-0: Called Strike
1-1: Foul Ball, location: 2F
1-2: Foul Ball, location: 2F
1-2: Fly out, F4 (Popup, 4)
Batting: RHB Mariano Sánchez 0-0: Ball
1-0: Called Strike
1-1: Ball
2-1: Ball
3-1: Base on Balls
Jock Semple to second
Batting: RHB Júlio Molina 0-0: Ball
1-0: Ball
2-0: Ball
3-0: Called Strike
3-1: Grounds into double play, 6-4-3 (Groundball, 6M)
Top of the 9th over - 0 run(s), 1 hit(s), 0 error(s), 1 left on base; Yakima 4 - Lancaster 6
This league is powered by Out of the Park Baseball, the baseball management simulation game for PC, Mac and Linux
Monday, October 3rd, 2016 - OOTP Baseball 16.9 Build 39